 Dungeon Crawl Stone Soup version 0.22.0-49-gab54619674 (webtiles) character file.

217 JedernureinKreuz the Conjurer (level 5, 0/38 HPs)
             Began as a Gnoll Conjurer on Sept 7, 2018.
             Was an Initiate of Sif Muna.
             Succumbed to a scorpion's poison
             ... on level 4 of the Dungeon.
             The game lasted 00:15:31 (2852 turns).

JedernureinKreuz the Conjurer (Gnoll Conjurer)      Turns: 2852, Time: 00:15:32

Health: 0/38       AC:  2    Str: 10    XL:     5   Next: 94%
Magic:  0/12       EV: 15    Int: 19    God:    Sif Muna [......]
Gold:   133        SH:  0    Dex: 15    Spells: 13/14 levels left

rFire    . . .     SeeInvis .   l - +1 dagger (venom)
rCold    + . .     Gourm    .   (no shield)
rNeg     . . .     Faith    .   a - +0 robe
rPois    .         Spirit   +   (no helmet)
rElec    .         Reflect  .   (no cloak)
rCorr    .         Harm     .   (no gloves)
MR       .....                  (no boots)
Stlth    ++++......             d - amulet of guardian spirit
HPRegen  0.12/turn              m - ring of stealth
MPRegen  0.13/turn              x - ring of protection from cold

@: lethally poisoned (0 -> -9), hasted, very quick
A: distributed training, fangs 1, strong nose
a: Renounce Religion


You were on level 4 of the Dungeon.
You worshipped Sif Muna.
Sif Muna was noncommittal.
You were not hungry.

You visited 1 branch of the dungeon, and saw 4 of its levels.

You collected 133 gold pieces.

Inventory:

Hand Weapons
 b - a +0 dagger
 l - a +1 dagger of venom (weapon)
Missiles
 g - 120 stones (quivered)
 j - 10 bolts
 r - 39 sling bullets
Armour
 a - a +0 robe (worn)
 q - a +0 plate armour
Jewellery
 d - an amulet of guardian spirit (around neck)
 m - a ring of stealth (left hand)
 t - an uncursed ring of fire
 x - a ring of protection from cold (right hand)
Scrolls
 f - 2 scrolls of magic mapping
 k - 4 scrolls of teleportation
 u - a scroll of identify {unknown}
 v - a scroll of fear {unknown}
 w - a scroll of amnesia {unknown}
Potions
 e - 2 potions of haste
 h - a potion of might {unknown}
 n - a potion of ambrosia {unknown}
 o - 2 potions of heal wounds {unknown}
 p - a potion of agility {unknown}
 s - a potion of mutation {unknown}
Comestibles
 c - 3 rations
 i - 2 chunks of flesh


   Skills:
 + Level 1.6 Fighting
 + Level 1.6 Short Blades
 + Level 1.6 Long Blades
 + Level 1.6 Axes
 + Level 1.6 Maces & Flails
 + Level 1.6 Polearms
 + Level 1.6 Staves
 + Level 1.6 Slings
 + Level 1.6 Bows
 + Level 1.6 Crossbows
 + Level 1.6 Throwing
 + Level 1.6 Armour
 + Level 4.8 Dodging
 + Level 4.5 Stealth
 + Level 1.6 Shields
 + Level 1.6 Unarmed Combat
 + Level 5.2 Spellcasting
 + Level 7.2 Conjurations
 + Level 1.3 Hexes
 + Level 1.3 Charms
 + Level 1.3 Summonings
 + Level 1.3 Necromancy
 + Level 1.3 Translocations
 + Level 1.3 Transmutations
 + Level 1.3 Fire Magic
 + Level 1.3 Ice Magic
 + Level 1.3 Air Magic
 + Level 1.3 Earth Magic
 + Level 1.3 Poison Magic
 + Level 1.9 Invocations
 + Level 1.6 Evocations


You had 13 spell levels left.
You knew the following spells:

 Your Spells              Type           Power        Failure   Level  Hunger
a - Magic Dart            Conj           ####         1%          1    None

Your spell library contained the following spells:

 Spells                   Type           Power        Failure   Level  Hunger
 Searing Ray              Conj           ####..       1%          2    None
 Dazzling Spray           Conj/Hex       ###...       6%          3    ##.....
 Iskenderun's Mystic Bla  Conj           ####....     6%          4    ####...
 Corona                   Hex            ##.....      7%          1    None
 Ensorcelled Hibernation  Hex/Ice        ##....       11%         2    None
 Force Lance              Conj/Tloc      ###.....     21%         4    ####...
 Fulminant Prism          Conj/Hex       ###.......   21%         4    ####...
 Confuse                  Hex            ##......     22%         3    ##.....
 Tukima's Dance           Hex            ##......     22%         3    ##.....


Dungeon Overview and Level Annotations

Branches:
Dungeon (4/15)
 Temple: D:4-7

Altars:
Hepliaklqana
Ru
Sif Muna
Uskayaw
Zin


Innate Abilities, Weirdness & Mutations

Your experience applies equally to all skills.
You have very sharp teeth.
Your uncanny sense of smell can sniff out nearby items.


Message History

You bite the jackal, but do no damage.
The jackal is almost dead.
The jackal bites you.
You hit the jackal.
You kill the jackal!
Sif Muna accepts your kill.
You hit the scorpion.
The scorpion is poisoned.
The scorpion is lightly wounded.
The scorpion stings you.
You are poisoned.
The scorpion poisons you!
* * * LOW HITPOINT WARNING * * *
You feel sick.
* * * LOW HITPOINT WARNING * * *
You feel sick.
You feel yourself speed up. The scorpion stings you!
* * * LOW HITPOINT WARNING * * *
* * * LOW HITPOINT WARNING * * *
You feel sick.
You die...

#.#.#.#.###### ###
###'#.#.#......# #...
#....[#.#......# #...
###....[..#......#
##....#.........#......####
#.....#.........#...........
#.....#........###.....##...
.........##.......#.....#... .
...........@.####.#.#....... ..
...##....>.............<.... ≈≈≈
..........s.......#.........
≈≈P≈≈♣........###.....#.........
≈≈≈≈≈.......†.#.................
≈≈≈.≈P#####'#.#..............#
♣.s...†.#.#............###
.≈PP........#.#........##..####.
.P...†......#.........†.........


You could see a scorpion.

Vanquished Creatures
  A hound (D:4)
  Natasha (twice) (D:3)
  3 adders
  3 oozes
  A dart slug (D:2)
  4 worms
  A leopard gecko (D:2)
  3 ball pythons
  3 giant cockroaches
  7 goblins
  6 hobgoblins
  15 jackals
  4 quokkas
  15 bats
  4 frilled lizards
  6 kobolds
  3 rats (D:3)
81 creatures vanquished.

Notes
Turn   | Place    | Note
-------+----------+-------------------------------------------
     0 | D:1      | JedernureinKreuz the Gnoll Conjurer began the quest for the
                  | Orb.
     0 | D:1      | Reached XP level 1. HP: 13/13 MP: 6/6
   189 | D:1      | Reached XP level 2. HP: 19/19 MP: 2/7
   561 | D:1      | Reached XP level 3. HP: 25/25 MP: 3/9
   727 | D:2      | Reached skill level 5 in Spellcasting
  1023 | D:2      | Reached skill level 1 in Invocations
  1192 | D:2      | Reached skill level 1 in Fighting
  1192 | D:2      | Reached skill level 1 in Short Blades
  1192 | D:2      | Reached skill level 1 in Long Blades
  1192 | D:2      | Reached skill level 1 in Axes
  1192 | D:2      | Reached skill level 1 in Maces & Flails
  1192 | D:2      | Reached skill level 1 in Polearms
  1192 | D:2      | Reached skill level 1 in Staves
  1192 | D:2      | Reached skill level 1 in Slings
  1192 | D:2      | Reached skill level 1 in Bows
  1192 | D:2      | Reached skill level 1 in Crossbows
  1192 | D:2      | Reached skill level 1 in Throwing
  1192 | D:2      | Reached skill level 1 in Armour
  1192 | D:2      | Reached skill level 1 in Shields
  1192 | D:2      | Reached skill level 1 in Unarmed Combat
  1192 | D:2      | Reached skill level 1 in Evocations
  1235 | D:2      | Reached XP level 4. HP: 32/32 MP: 0/11
  1524 | D:2      | Found a deep blue altar of Sif Muna.
  1539 | D:2      | Became a worshipper of Sif Muna the Loreminder
  1603 | D:2      | Found a hide-covered altar of Uskayaw.
  1644 | D:2      | Found a glowing silver altar of Zin.
  1674 | D:2      | Found a sacrificial altar of Ru.
  1792 | D:3      | Noticed Natasha
  1923 | D:3      | Killed Natasha
  1923 | D:3      | Reached skill level 1 in Hexes
  1923 | D:3      | Reached skill level 1 in Charms
  1923 | D:3      | Reached skill level 1 in Summonings
  1923 | D:3      | Reached skill level 1 in Necromancy
  1923 | D:3      | Reached skill level 1 in Translocations
  1923 | D:3      | Reached skill level 1 in Transmutations
  1923 | D:3      | Reached skill level 1 in Fire Magic
  1923 | D:3      | Reached skill level 1 in Ice Magic
  1923 | D:3      | Reached skill level 1 in Air Magic
  1923 | D:3      | Reached skill level 1 in Earth Magic
  1923 | D:3      | Reached skill level 1 in Poison Magic
  1934 | D:3      | Reached XP level 5. HP: 28/37 MP: 0/12
  2404 | D:3      | Noticed Natasha
  2411 | D:3      | Killed Natasha
  2488 | D:3      | Found a hazy altar of Hepliaklqana.
  2851 | D:4      | HP: 1/38 [poisoned by a scorpion]
  2852 | D:4      | Succumbed to a scorpion's poison

Skill      XL: |  1  2  3  4 |
---------------+-------------+-----
Spellcasting   | 5 |  5.2
Invocations    | 1 |  1.9
Fighting       | 1 |  1.6
Short Blades   | 1 |  1.6
Long Blades    | 1 |  1.6
Axes           | 1 |  1.6
Maces & Flails | 1 |  1.6
Polearms       | 1 |  1.6
Staves         | 1 |  1.6
Slings         | 1 |  1.6
Bows           | 1 |  1.6
Crossbows      | 1 |  1.6
Throwing       | 1 |  1.6
Armour         | 1 |  1.6
Shields        | 1 |  1.6
Unarmed Combat | 1 |  1.6
Evocations     | 1 |  1.6
Hexes          | 1 |  1.3
Charms         | 1 |  1.3
Summonings     | 1 |  1.3
Necromancy     | 1 |  1.3
Translocations | 1 |  1.3
Transmutations | 1 |  1.3
Fire Magic     | 1 |  1.3
Ice Magic      | 1 |  1.3
Air Magic      | 1 |  1.3
Earth Magic    | 1 |  1.3
Poison Magic   | 1 |  1.3
Dodging        | |  4.8
Stealth        | |  4.5
Conjurations   | |  7.2

Action                   |  1- 3 |  4- 6 || total
-------------------------+-------+-------++-------
Melee: Unarmed           |     2 |       ||     2
       Bite              |     4 |     4 ||     8
       Whip              |    19 |    17 ||    36
       Dagger            |       |    19 ||    19
 Cast: Magic Dart        |    68 |    88 ||   156
  Use: Scroll            |     4 |     1 ||     5
       Potion            |       |     1 ||     1
  Eat: Chunk             |     1 |     5 ||     6
Armor: Robe              |     2 |     7 ||     9
Dodge: Dodged            |    22 |    45 ||    67
